 Dungeon Crawl Stone Soup version 0.20.0-3-g22ec75f (webtiles) character file.

32728 Kosschaser the Basher (level 13, -13/82 HPs)
             Began as a Gargoyle Fighter on May 27, 2017.
             Was the Champion of Okawaru.
             Killed from afar by a frost giant (21 damage)
             ... with a bolt of cold
             ... in an ice cave.
             The game lasted 01:04:40 (15648 turns).

Kosschaser the Basher (Gargoyle Fighter)           Turns: 15648, Time: 01:04:41

Health: -13/82     AC: 33    Str: 32    XL:     13   Next: 66%
Magic:  0/13       EV: 19    Int:  9    God:    Okawaru [******]
Gold:   1001       SH:  0    Dex: 12    Spells: 12/12 levels left

rFire    + . .     SeeInvis .   K - +9 great mace of Sloth {freeze, Str+7 Dex+3}
rCold    . . .     Gourm    .   (shield currently unavailable)
rNeg     + . .     Faith    .   R - +3 chain mail {rF+}
rPois    ∞         Spirit   +   N - +2 hat
rElec    +         Reflect  .   T - +2 cloak {MR+}
rCorr    +         Harm     .   b - +0 pair of gloves
MR       +....                  (no boots)
Stlth    ..........             C - amulet of guardian spirit
Regen    0.3/turn               L - ring of resist corrosion
MPRegen  0.2/turn               O - +4 ring of evasion

@: heroism
A: negative energy resistance 1, electricity resistance, unbreathing,
petrification resistance, rot immunity, AC +9
a: Heroism, Finesse, Renounce Religion


You were in an ice cave.
You worshipped Okawaru.
Okawaru was exalted by your worship.
You were very hungry.

You visited 3 branches of the dungeon, and saw 16 of its levels.
You also visited: Labyrinth and Ice Cave.

You collected 1358 gold pieces.
You spent 357 gold pieces at shops.

Inventory:

Hand Weapons
 J - a +2 mace of protection
 K - the +9 great mace of Sloth (weapon) {freeze, Str+7 Dex+3}
   (Okawaru gifted it to you on level 2 of the Orcish Mines)

   It has been specially enchanted to freeze those struck by it, causing extra
   injury to most foes and up to half again as much damage against particularly
   susceptible opponents.
   It can also slow down cold-blooded creatures.
   It affects your strength (+7).
   It affects your dexterity (+3).
Armour
 b - a +0 pair of gloves (worn)
 c - a +0 shield
 N - a +2 hat (worn)
 R - a +3 chain mail of fire resistance (worn)
 S - a scarf of repulsion
 T - a +2 cloak of magic resistance (worn)
Jewellery
 C - an amulet of guardian spirit (around neck)
 G - an uncursed ring of protection from fire
 L - a ring of resist corrosion (left hand)
 M - the ring "Seqaink" {Fire Int+3}
   (You acquired it on level 4 of the Lair of Beasts)

   [ring of fire]

   It enhances your fire magic.
   It affects your intelligence (+3).
   It protects you from fire.
   It makes you vulnerable to cold.
 O - a +4 ring of evasion (right hand)
Wands
 t - a wand of confusion (26/48)
 w - a wand of acid (9/15)
 D - a wand of enslavement (7/24)
 E - a wand of paralysis (16/24)
 H - a wand of confusion (40/48)
 Q - a wand of confusion (38/48)
 W - a wand of paralysis (11/24)
Scrolls
 e - 2 scrolls of blinking
 h - 4 scrolls of remove curse
 k - 2 scrolls of fear
 n - 5 scrolls of enchant weapon
 o - 5 scrolls of teleportation
 q - 4 scrolls of enchant armour
 r - 7 scrolls of identify
 u - 5 scrolls of amnesia
 x - 3 scrolls of fog
 y - a scroll of recharging
 P - a scroll of magic mapping
Potions
 a - 4 potions of heal wounds
 d - 4 potions of might
 g - a potion of lignification
 j - 3 potions of flight
 l - 4 potions of cancellation
 m - 8 potions of curing
 s - 3 potions of haste
 z - 2 potions of agility
 A - 2 potions of berserk rage
 B - 3 potions of brilliance
Books
 I - a book of Power

   Spells                             Type                      Level
   a - Iskenderun's Battlesphere      Conjuration/Charms           5
   b - Venom Bolt                     Conjuration/Poison           5
   c - Bolt of Magma                  Conjuration/Fire/Earth       5
   d - Iron Shot                      Conjuration/Earth            6
   e - Orb of Destruction             Conjuration                  7
   f - Spellforged Servitor           Conjuration/Summoning        7
Comestibles
 f - 9 bread rations
 i - 3 meat rations
 p - 4 royal jellies
 F - 30 fruits


   Skills:
 + Level 10.2(15.2) Fighting
 + Level 14.8(19.8) Maces & Flails
 + Level 10.6(15.6) Armour
 + Level 5.3(10.3) Dodging
 - Level 1.0(6.0) Stealth
 + Level 10.9(15.9) Shields
 + Level 1.2 Invocations
 + Level 0.6 Evocations


You had 12 spell levels left.
You didn't know any spells.

Dungeon Overview and Level Annotations

Branches:
Dungeon (10/15)            Temple (0/1) D:6            Lair (4/6) D:10
 Shoals (0/4) Lair:2        Snake (0/4) Lair:4          Orc (2/2) D:10
    Elf (0/3) Orc:2

Altars:
Dithmenos
Fedhas
Hepliaklqana
Okawaru
Vehumet
Yredelemnul
Zin
Beogh

Shops:
D:7 !   D:9 %:?   Orc:2 ?*

Annotations:
D:4 Glitchraptor's ghost, amateur DsAK
D:9 Joseph


Innate Abilities, Weirdness & Mutations

You are resistant to torment.
Your stone body is resilient. (AC +9)
You are immune to poison.
You resist negative energy. (rN+)
You are resistant to electric shocks. (rElec)
You can survive without breathing.
You are immune to petrification.
You are immune to rotting.


Message History

You kill the polar bear!
Okawaru accepts your kill.
You bludgeon the frost giant!! You freeze the frost giant.
The frost giant is lightly wounded.
The frost giant hits you but does no damage.
You sock the frost giant! You freeze the frost giant.
The frost giant is moderately wounded.
You bludgeon the frost giant!! You freeze the frost giant.
The frost giant is heavily wounded.
You feel like a meek peon again. The frost giant casts a spell at you.
The bolt of cold misses you.
You gain the combat prowess of a mighty hero.
The frost giant hits you with a battleaxe of freezing!!
* * * LOW HITPOINT WARNING * * *
The frost giant freezes you.
* * * LOW HITPOINT WARNING * * *
The frost giant points at you and mumbles some strange words.
The bolt of cold hits you!
You die... h.... #.CY.. ## #hYhY

.# ##... ## ≈ ##..#
.####≈≈≈##.h# #..##≈≈≈###.####
..##≈≈≈≈≈≈#hYC.### ###
..#≈≈≈≈≈≈≈≈####.@#####.###
###≈≈≈≈≈≈≈≈≈≈####..##.#..### #
#≈≈≈≈≈≈≈##.#.####..####..#
#≈≈≈≈≈≈≈##(.####### #..###
##≈≈≈#≈ ###....### ##...##
####≈≈≈######....#...###..⌠..#
.##≈≈##..##.....####..###≈..##
#.†######......## ##..§§..##
#### ######## ########


You could see a frost giant, a polar bear and a yak.

Vanquished Creatures
  Rupert (Lair:3)
  A minotaur (Lab)
  A hydra (Lair:2)
  3 two-headed ogres
  2 death yaks (IceCv)
  An oklob plant (Lair:2)
  An orc sorcerer (Orc:1)
  6 spiny frogs
  A black mamba (Lair:4)
  An ice statue (IceCv)
  A gargoyle (D:9)
  2 rime drakes
  2 trolls
  3 komodo dragons
  14 polar bears
  8 hippogriffs
  13 blink frogs
  A spriggan (D:8)
  A wyvern (D:10)
  26 yaks
  A hungry ghost (D:8)
  3 basilisks
  A warg (Orc:2)
  3 nagas (Lair:4)
  5 porcupines
  8 water moccasins
  A sky beast (D:7)
  13 orc warriors
  5 ice beasts
  2 necrophages (D:10)
  3 black bears
  11 wolves (IceCv)
  5 ogres
  A phantom (D:9)
  2 centaurs
  4 crocodiles
  3 big kobolds
  16 bullfrogs
  2 scorpions
  11 wights
  An electric eel (Lair:2)
  4 howler monkeys
  4 crimson imps
  A centaur zombie (D:10)
  2 centaur skeletons
  8 orc priests
  A bullfrog zombie (D:7)
  10 orc wizards
  A quasit (D:7)
  A bullfrog skeleton (D:9)
  8 hounds
  3 jellies
  Terence (D:3)
  Jessica (D:2)
  4 iguanas
  7 worker ants
  A hound zombie (D:9)
  2 hound skeletons
  Robin (D:4)
  A howler monkey skeleton (D:7)
  4 gnolls (D:2)
  6 adders
  A shadow imp (D:9)
  3 worms (D:3)
  4 dart slugs
  2 leopard geckos
  74 orcs
  2 ball pythons
  3 giant cockroaches
  7 hobgoblins
  10 jackals
  20 kobolds
  6 quokkas
  10 bats
  4 frilled lizards
  17 goblins
  2 jackal skeletons (D:4)
  10 rats
  A bush (Lair:2)
  4 fungi (Lair:3)
441 creatures vanquished.

Vanquished Creatures (others)
  2 polar bears (IceCv)
  2 ice beasts (D:8)
  A sky beast (D:8)
  6 wolves (IceCv)
  A howler monkey (D:8)
  A bullfrog skeleton (D:8)
  A hound (D:8)
  A worker ant (D:8)
  An orc (D:8)
  10 fungi (D:10)
  A plant (D:10)
27 creatures vanquished.

Grand Total: 468 creatures vanquished

Notes
Turn   | Place    | Note
-------+----------+-------------------------------------------
     0 | D:1      | Kosschaser the Gargoyle Fighter began the quest for the Orb.
     0 | D:1      | Reached XP level 1. HP: 14/14 MP: 1/1
   180 | D:1      | Reached XP level 2. HP: 19/19 MP: 2/2
   707 | D:2      | Reached XP level 3. HP: 23/23 MP: 3/3
  1176 | D:2      | Noticed Jessica
  1196 | D:2      | Killed Jessica
  1196 | D:2      | Reached XP level 4. HP: 23/28 MP: 4/4
  1358 | D:2      | Found a basalt altar of Yredelemnul.
  1541 | D:2      | Found a shadowy altar of Dithmenos.
  1559 | D:2      | Reached skill level 3 in Maces & Flails
  1745 | D:2      | Reached XP level 5. HP: 28/32 MP: 5/5
  1748 | D:2      | Reached skill level 1 in Dodging
  1946 | D:3      | Found a glowing silver altar of Zin.
  2096 | D:3      | Noticed Terence
  2126 | D:3      | Killed Terence
  2688 | D:3      | Reached XP level 6. HP: 34/38 MP: 6/6
  2899 | D:4      | Noticed Robin
  2927 | D:4      | Reached skill level 4 in Maces & Flails
  2944 | D:4      | Killed Robin
  2953 | D:4      | Got a smoking war axe
  2954 | D:4      | Identified the cursed +2 war axe "Foih" {drain, Int+2} (You found it on level 4 of the Dungeon)
  2961 | D:4      | Noticed Glitchraptor's ghost (amateur DsAK)
  2972 | D:5      | Entered Level 5 of the Dungeon
  3366 | D:5      | Reached skill level 5 in Shields
  3950 | D:4      | Reached XP level 7. HP: 35/42 MP: 7/7
  3979 | D:4      | Reached skill level 1 in Stealth
  4008 | D:4      | Reached skill level 5 in Maces & Flails
  4296 | D:4      | Found an iron altar of Okawaru.
  4320 | D:4      | Became a worshipper of Warmaster Okawaru
  4645 | D:6      | Reached skill level 5 in Armour
  4645 | D:6      | Reached XP level 8. HP: 45/48 MP: 8/8
  4751 | D:6      | Reached skill level 6 in Maces & Flails
  4759 | D:6      | Found a radiant altar of Vehumet.
  4776 | D:6      | Got a pair of translucent boots
  4792 | D:6      | Identified the cursed +0 pair of boots of the Ancient Souls {+Fly MP-9 Int+4 Stlth+} (You found it on level 6 of the Dungeon)
  4868 | D:6      | Reached * piety under Okawaru
  4909 | D:6      | Found a staircase to the Ecumenical Temple.
  5085 | D:7      | Reached skill level 7 in Maces & Flails
  5168 | D:7      | Reached XP level 9. HP: 39/53 MP: 6/9
  5204 | D:7      | Reached skill level 5 in Fighting
  5395 | D:7      | Found Wuqoyrgh's Distillery.
  5404 | D:7      | Reached ** piety under Okawaru
  5404 | D:7      | Reached skill level 8 in Maces & Flails
  5415 | D:7      | Bought a potion of brilliance for 56 gold pieces
  5415 | D:7      | Bought a potion of heal wounds for 70 gold pieces
  5922 | D:7      | HP: 2/54 [hippogriff (6)]
  5943 | D:7      | HP: 2/54 [water moccasin (3)]
  6366 | D:8      | Found a blossoming altar of Fedhas.
  6455 | D:8      | Reached *** piety under Okawaru
  6583 | D:8      | Reached XP level 10. HP: 57/60 MP: 10/10
  7088 | D:8      | Reached skill level 9 in Maces & Flails
  7438 | D:9      | Found Naopnuet's Magic Scroll Shop.
  7443 | D:9      | Bought a scroll of immolation for 49 gold pieces
  7443 | D:9      | Bought a scroll of identify for 28 gold pieces
  7443 | D:9      | Bought a scroll of identify for 28 gold pieces
  7443 | D:9      | Bought a scroll of identify for 28 gold pieces
  7448 | D:9      | Bought a scroll of identify for 28 gold pieces
  7448 | D:9      | Bought a scroll of identify for 28 gold pieces
  7448 | D:9      | Bought a scroll of random uselessness for 14 gold pieces
  7448 | D:9      | Bought a scroll of identify for 28 gold pieces
  7467 | D:9      | Noticed a two-headed ogre
  7479 | D:9      | Killed a two-headed ogre
  7479 | D:9      | Received a gift from Okawaru
  7704 | D:9      | Found a hazy altar of Hepliaklqana.
  7878 | D:9      | Found Titol's Book Shoppe.
  8015 | D:9      | Reached **** piety under Okawaru
  8042 | D:9      | Found Ytayl's Food Emporium.
  8292 | D:9      | Noticed Joseph
  8696 | D:9      | Noticed a gargoyle
  8713 | D:9      | Killed a gargoyle
  8720 | D:10     | Entered Level 10 of the Dungeon
  8725 | D:10     | Reached skill level 10 in Maces & Flails
  8954 | D:10     | Found a staircase to the Lair.
  8975 | D:10     | Reached ***** piety under Okawaru
  8975 | D:10     | Reached XP level 11. HP: 25/66 MP: 4/11
  9462 | D:10     | Noticed a two-headed ogre
  9470 | D:10     | Killed a two-headed ogre
  9470 | D:10     | Reached skill level 10 in Shields
  9591 | D:10     | Found a staircase to the Orcish Mines.
  9655 | D:10     | Reached skill level 11 in Maces & Flails
  9789 | Orc:1    | Entered Level 1 of the Orcish Mines
  9877 | Orc:1    | Noticed an orc sorcerer
  9890 | Orc:1    | Killed an orc sorcerer
  9939 | Orc:2    | Entered Level 2 of the Orcish Mines
  9939 | Orc:2    | Noticed a two-headed ogre
  9949 | Orc:2    | Killed a two-headed ogre
  9969 | Orc:2    | Found a roughly hewn altar of Beogh.
  9970 | Orc:2    | Found a roughly hewn altar of Beogh.
 10003 | Orc:2    | Found Pone's Magic Scroll Emporium.
 10063 | Orc:2    | Found a staircase to the Elven Halls.
 10097 | Orc:2    | Found a roughly hewn altar of Beogh.
 10138 | Orc:2    | Found Ticlor's General Store.
 10343 | Orc:2    | Received a gift from Okawaru
 10346 | Orc:2    | Got a crystal great mace {god gift}
 10352 | Orc:2    | Identified the +9 great mace of Sloth {freeze, Str+7 Dex+3} (Okawaru gifted it to you on level 2 of the Orcish Mines)
 10418 | Orc:2    | Noticed an ettin
 10836 | Lair:1   | Entered Level 1 of the Lair of Beasts
 10917 | Lair:1   | Found a labyrinth entrance.
 10928 | Lab      | Entered a labyrinth
 11336 | Lab      | Noticed a minotaur
 11342 | Lab      | Killed a minotaur
 11342 | Lab      | Reached skill level 12 in Maces & Flails
 11440 | Lair:1   | Reached XP level 12. HP: 73/73 MP: 12/12
 11663 | Lair:1   | Reached ****** piety under Okawaru
 12223 | Lair:2   | Received a gift from Okawaru
 12294 | Lair:2   | Found a staircase to the Shoals.
 12298 | Lair:2   | Noticed a four-headed hydra
 12304 | Lair:2   | Killed a four-headed hydra
 12504 | Lair:2   | Reached skill level 13 in Maces & Flails
 13379 | Lair:3   | Reached skill level 5 in Dodging
 13422 | Lair:3   | Got a crude hand axe
 13423 | Lair:3   | Identified the +9 hand axe of the Saviour {chop, rF- rN++ Str+5 Int+4} (You found it on level 3 of the Lair of Beasts)
 13532 | Lair:3   | Noticed Rupert
 13539 | Lair:3   | Killed Rupert
 13539 | Lair:3   | Reached skill level 14 in Maces & Flails
 13539 | Lair:3   | Reached skill level 10 in Armour
 13539 | Lair:3   | Reached XP level 13. HP: 80/80 MP: 10/13
 14026 | Lair:4   | Identified a scroll of acquirement
 14028 | Lair:4   | Got a slimy tin ring
 14030 | Lair:4   | Identified the ring "Seqaink" {Fire Int+3} (You acquired it on level 4 of the Lair of Beasts)
 14050 | Lair:4   | Found a staircase to the Snake Pit.
 14101 | Lair:4   | Found a frozen archway.
 14128 | IceCv    | Entered an ice cave
 14166 | IceCv    | Received a gift from Okawaru
 15367 | IceCv    | Reached skill level 10 in Fighting
 15406 | IceCv    | Reached skill level 1 in Invocations
 15620 | IceCv    | Noticed a frost giant
 15648 | IceCv    | Killed from afar by a frost giant

Skill      XL: |  1  2  3  4  5  6  7  8  9 10 11 12 13 |
---------------+----------------------------------------+-----
Shields        | 4 5 6 8 9 10 | 10.9
Armour         | 4 5 6 7 8 10 | 10.6
Maces & Flails | 3 4 5 7 8 10 12 14 | 14.8
Dodging        | 1 2 3 4 5 |  5.3
Stealth        | 1 |  1.0
Fighting       | 4 5 6 7 9 10 | 10.2
Invocations    | 1 |  1.2
Evocations     | |  0.6

Action                   |  1- 3 |  4- 6 |  7- 9 | 10-12 | 13-15 || total
-------------------------+-------+-------+-------+-------+-------++-------
Melee: Flail             |   106 |   114 |       |       |       ||   220
       Mace              |       |   183 |   426 |   617 |   161 ||  1387
       Great mace        |       |       |       |   213 |   109 ||   322
Invok: Heroism           |       |       |     2 |     4 |     3 ||     9
Evoke: Wand              |       |       |     3 |       |       ||     3
  Use: Scroll            |       |    12 |     6 |    12 |     5 ||    35
       Potion            |       |       |     1 |       |       ||     1
  Eat: Chunk             |     1 |     8 |     8 |    24 |     6 ||    47
       Bread ration      |       |       |     1 |       |       ||     1
       Fruit             |       |       |       |     2 |       ||     2
Armor: Scale mail        |    60 |   210 |   205 |    62 |       ||   537
       Ring mail         |       |       |       |    82 |       ||    82
       Plate armour      |       |       |       |    91 |       ||    91
       Chain mail        |       |       |       |   121 |   147 ||   268
Dodge: Dodged            |    33 |   125 |   177 |   291 |   211 ||   837
Block: Shield            |    63 |   193 |   243 |   357 |   115 ||   971
